 Dungeon Crawl Stone Soup version 0.26.1-10-gdfb7c7de75 (webtiles) character file.

Game seed: 194324539300558424

80 Almogavar the Sneak (level 4, 0/38 HPs)
             Began as a Gnoll Wanderer on Apr 12, 2021.
             Slain by a centaur (6 damage)
             ... on level 3 of the Dungeon.
             The game lasted 00:07:22 (3327 turns).

Almogavar the Sneak (Gnoll Wanderer)                Turns: 3327, Time: 00:07:22

Health: 0/38       AC:  9    Str: 15    XL:     4   Next: 39%
Magic:  11/11      EV:  6    Int: 15    God:
Gold:   90         SH:  0    Dex: 14    Spells: 13/13 levels left

rFire    . . .     SeeInvis .   a - +2 dagger
rCold    . . .     Faith    .   (no shield)
rNeg     . . .     Spirit   .   g - +0 chain mail (curse)
rPois    .         Reflect  .   (no helmet)
rElec    .         Harm     .   (no cloak)
rCorr    .         Rampage  .   i - +0 pair of gloves
Will     +....                  (no boots)
Stlth    ..........             (no amulet)
HPRegen  0.12/turn              h - ring of willpower
MPRegen  0.12/turn              (no ring)

@: no status effects
A: distributed training, fangs 1, strong nose
a: no special abilities


You were on level 3 of the Dungeon.
You visited 1 branch of the dungeon, and saw 3 of its levels.

You collected 90 gold pieces.

Inventory:

Hand Weapons
 a - a +2 dagger (weapon)
Armour
 g - a cursed +0 chain mail (worn)
 i - a +0 pair of gloves (worn)
Jewellery
 h - a ring of willpower (left hand)
Scrolls
 e - a scroll of amnesia
 j - 2 scrolls of enchant armour
 k - 3 scrolls of teleportation
 l - 4 scrolls of remove curse {unknown}
Potions
 c - a potion of curing
 d - a potion of magic {unknown}
 f - 2 potions of degeneration {unknown}
 m - a potion of cancellation {unknown}


   Skills:
 + Level 4.6 Fighting
 + Level 1.1 Short Blades
 + Level 1.1 Long Blades
 + Level 1.1 Axes
 + Level 1.1 Maces & Flails
 + Level 1.1 Polearms
 + Level 1.1 Staves
 + Level 1.1 Slings
 + Level 1.1 Bows
 + Level 1.1 Crossbows
 + Level 2.7 Throwing
 + Level 1.1 Armour
 + Level 1.1 Dodging
 + Level 6.0 Stealth
 + Level 2.7 Shields
 + Level 1.1 Unarmed Combat
 + Level 5.1 Spellcasting
 + Level 0.9 Conjurations
 + Level 0.9 Hexes
 + Level 0.9 Summonings
 + Level 2.2 Necromancy
 + Level 0.9 Translocations
 + Level 0.9 Transmutations
 + Level 0.9 Fire Magic
 + Level 0.9 Ice Magic
 + Level 0.9 Air Magic
 + Level 0.9 Earth Magic
 + Level 0.9 Poison Magic
 + Level 1.2 Invocations
 + Level 1.1 Evocations


You had 13 spell levels left.
You didn't know any spells.
Your spell library was empty.

Dungeon Overview and Level Annotations

Branches:
Dungeon (3/15)

Altars:
Hepliaklqana
Yredelemnul


Innate Abilities, Weirdness & Mutations

Your experience applies equally to all skills.
You have very sharp teeth.
Your uncanny sense of smell can sniff out nearby items.


Message History

* * * LOW HITPOINT WARNING * * *
You feel better. The centaur hits you.
* * * LOW HITPOINT WARNING * * *
The centaur hits you.
* * * LOW HITPOINT WARNING * * *
You feel better.
The centaur hits you but does no damage.
You hit the centaur.
The centaur is heavily wounded.
The centaur hits you but does no damage.
The centaur hits you.
* * * LOW HITPOINT WARNING * * *
You hit the centaur.
The centaur is heavily wounded.
The centaur hits you.
* * * LOW HITPOINT WARNING * * *
You completely miss the centaur.
The centaur is heavily wounded.
The centaur hits you.
You die...

#.# #.##.#
#.###########.##.#
∆
#.#...........##.#
#.#.############.#
#.#....># ...
#.#.....# .#
#.######.#...#....
#.[..((c(....# #.#
....<.....#@#.....#
#
......w.c.#(#.#...#
..........#.#.#####
........?.#.#.. ∆
..........#.###
..........#..
..........###


You could see a centaur.

Vanquished Creatures
  An ooze (D:1)
  4 worms (D:2)
  3 dart slugs (D:1)
  A leopard gecko (D:2)
  An orc (D:2)
  5 giant cockroaches
  A goblin (D:1)
  9 hobgoblins
  4 jackals (D:1)
  6 kobolds
  9 bats
  2 frilled lizards
  7 rats
53 creatures vanquished.

Notes
Turn   | Place    | Note
-------+----------+-------------------------------------------
     0 | D:1      | Almogavar the Gnoll Wanderer began the quest for the Orb.
     0 | D:1      | Almogavar set off with the following items: a +2 dagger, a
                  | potion of heal wounds, 2 potions of curing, a +0 robe
     0 | D:1      | Reached XP level 1. HP: 20/20 MP: 6/6
   370 | D:1      | Reached XP level 2. HP: 21/26 MP: 7/7
   654 | D:1      | Reached XP level 3. HP: 30/31 MP: 9/9
   812 | D:1      | Reached skill level 5 in Spellcasting
   889 | D:1      | Reached skill level 6 in Stealth
   897 | D:1      | Reached skill level 1 in Invocations
  1453 | D:2      | Reached skill level 1 in Short Blades
  1453 | D:2      | Reached skill level 1 in Long Blades
  1453 | D:2      | Reached skill level 1 in Axes
  1453 | D:2      | Reached skill level 1 in Maces & Flails
  1453 | D:2      | Reached skill level 1 in Polearms
  1453 | D:2      | Reached skill level 1 in Staves
  1453 | D:2      | Reached skill level 1 in Slings
  1453 | D:2      | Reached skill level 1 in Bows
  1453 | D:2      | Reached skill level 1 in Crossbows
  1453 | D:2      | Reached skill level 1 in Armour
  1453 | D:2      | Reached skill level 1 in Dodging
  1453 | D:2      | Reached skill level 1 in Unarmed Combat
  1453 | D:2      | Reached skill level 1 in Evocations
  1713 | D:2      | Reached XP level 4. HP: 21/38 MP: 11/11
  2574 | D:2      | Found a basalt altar of Yredelemnul.
  2672 | D:2      | Found a hazy altar of Hepliaklqana.
  3304 | D:3      | Noticed a centaur
  3327 | D:3      | Slain by a centaur

Illustrated notes

Levels and vault maps discovered:
D:1:      matt_arrival_spirals, layout_loops_cross
D:2:      layout_loops_cross, nzn_hepliaklqana_mist_gate,
          yredelemnul_altar_generic, minmay_misc_feat_secret_circle,
          minmay_tromino_v4_b
D:3:      layout_basic, gammafunk_ghost_nasty_kobolds, uniq_ijyb

Skill      XL: |  1  2  3 |
---------------+----------+-----
Necromancy     | 2 |  2.2
Spellcasting   | 5 |  5.1
Stealth        | 6 |  6.0
Invocations    | 1 |  1.2
Short Blades   | 1 |  1.1
Long Blades    | 1 |  1.1
Axes           | 1 |  1.1
Maces & Flails | 1 |  1.1
Polearms       | 1 |  1.1
Staves         | 1 |  1.1
Slings         | 1 |  1.1
Bows           | 1 |  1.1
Crossbows      | 1 |  1.1
Armour         | 1 |  1.1
Dodging        | 1 |  1.1
Unarmed Combat | 1 |  1.1
Evocations     | 1 |  1.1
Fighting       | |  4.6
Throwing       | |  2.7
Shields        | |  2.7
Conjurations   | |  0.9
Hexes          | |  0.9
Summonings     | |  0.9
Translocations | |  0.9
Transmutations | |  0.9
Fire Magic     | |  0.9
Ice Magic      | |  0.9
Air Magic      | |  0.9
Earth Magic    | |  0.9
Poison Magic   | |  0.9

Action                   |  1- 3 |  4- 6 || total
-------------------------+-------+-------++-------
Melee: Dagger            |   123 |    91 ||   214
       Bite              |    12 |    11 ||    23
  Use: Scroll            |       |     3 ||     3
       Potion            |       |     3 ||     3
 Stab: Sleeping          |    13 |       ||    13
Armor: Robe              |    20 |     3 ||    23
       Chain mail        |       |    48 ||    48
Dodge: Dodged            |    59 |    35 ||    94
